AoeStats
← Josmi-Ga'lock

Pilgrims

508998280Analyzed
3v3 RM · 9d ago on Sep 25, 2026· 51m 21s· 6 players
Game mode
Random Map
Map size
Normal (6 player)
Population
200
Speed
Normal
Resources
Standard
Victory
Conquest
Starting age
Dark Age
Ending age
Imperial Age
RankedLock teamsTeams togetherTeam positionsShared explorationLock speedFull tech treeHidden civsTurbo modeCheats
Victory
Defeat
🇷🇺 Italians · Russia
969
+14
🇦🇷 Teutons · Argentina
951
+15
🇺🇸 Bengalis · United States
947
+15
🇧🇷 Portuguese · Brazil
955
-15
🇻🇪 Danes · Venezuela
925
-15
🇦🇷 Varangians · Argentina
916
-14
Abyssus
4:08 Loom
12:28 Feudal Age
14:45 Horse Collar
15:57 Fishing Lines
16:52 Double-Bit Axe
17:54 Town Watch
18:41 Arson
20:08 Scale Mail Armor
20:35 Forging
23:06 Castle Age
23:15 Fletching
25:11 Chain Mail Armor
24:57 Gillnets
29:32 Wheelbarrow
29:08 Stone Mining
29:26 Gold Mining
31:50 Heavy Plow
31:56 Hamask
33:34 Stone Shaft Mining
34:49 Elite Skirmisher
42:00 Imperial Age
39:49 Thumb Ring
40:31 Bodkin Arrow
40:38 Padded Archer Armor
43:05 Conscription
43:24 Hoardings
43:18 Leather Archer Armor
44:35 Bow Saw
45:26 Heavy Scorpion
47:59 Hand Cart
ChronoMiner
3:55 Loom
13:13 Feudal Age
14:25 Double-Bit Axe
21:32 Castle Age
22:17 Fletching
22:49 Bodkin Arrow
25:39 Medium Warships
32:45 Murder Holes
33:12 Ballistics
33:03 Careening
33:03 Clinker Construction
32:59 Siphons
33:40 Bow Saw
33:44 Town Watch
38:41 Imperial Age
36:35 Fishing Lines
39:52 Conscription
42:01 Chemistry
40:52 Heated Shot
44:41 Thumb Ring
43:56 Elite Skirmisher
44:47 Pikeman
45:12 Arson
Josmi-Ga'lock
7:20 Feudal Age
5:37 Loom
8:09 Double-Bit Axe
9:26 Wheelbarrow
10:50 Fishing Lines
13:29 Town Watch
20:03 Castle Age
17:59 Stone Mining
18:42 Fletching
21:37 Squires
24:53 Gold Mining
25:35 Forging
25:51 Fervor
25:50 Arson
25:48 Pikeman
35:52 Imperial Age
33:39 Hand Cart
36:01 Gambesons
36:54 Iron Casting
36:19 Scale Mail Armor
36:14 Bodkin Arrow
37:00 Stone Shaft Mining
36:55 Conscription
39:35 Gothikon
40:20 Elite Varangian Guard
42:45 Heated Shot
43:27 Bloodlines
43:17 Husbandry
45:44 Blast Furnace
44:59 Chain Mail Armor
50:24 Bracer
50:56 Plate Mail Armor
davidAOE
8:52 Loom
12:06 Feudal Age
13:17 Double-Bit Axe
14:46 Fishing Lines
21:18 Castle Age
19:08 Arson
19:59 Forging
19:54 Scale Barding Armor
19:34 Horse Collar
20:08 Gold Mining
20:09 Stone Mining
21:06 Bloodlines
22:46 Medium Warships
24:52 Heavy Plow
25:29 Stone Shaft Mining
26:02 Bow Saw
28:45 Wheelbarrow
27:56 Town Watch
31:05 Hand Cart
35:34 Imperial Age
33:28 Hand Cart
33:59 Town Patrol
36:52 Cavalier
39:13 Heavy Warships
38:48 Elite Teutonic Knight
39:49 Conscription
41:03 Crop Rotation
41:18 Chain Barding Armor
41:33 Iron Casting
40:59 Scale Mail Armor
40:49 Fletching
41:39 Hoardings
43:00 Plate Barding Armor
44:50 Blast Furnace
43:16 Paladin
47:15 Chain Mail Armor
46:55 Bodkin Arrow
47:24 Crenellations
47:40 Hoardings
48:56 Coinage
bergiebird
3:35 Loom
11:59 Feudal Age
13:27 Double-Bit Axe
18:58 Wheelbarrow
18:48 Gold Mining
21:09 Castle Age
19:06 Town Watch
21:23 Castle Age
23:00 Hand Cart
22:55 Fishing Lines
23:30 Medium Warships
26:18 Fletching
26:29 Padded Archer Armor
27:17 Gold Shaft Mining
26:58 Bow Saw
26:59 Bodkin Arrow
27:22 Town Patrol
27:06 Horse Collar
29:13 Ballistics
31:00 Husbandry
31:11 Bloodlines
31:19 Leather Archer Armor
32:16 Fervor
32:15 Paiks
36:27 Imperial Age
37:30 Conscription
37:14 Bracer
37:44 Ring Archer Armor
38:17 Chemistry
36:41 Elite Elephant Archer
42:36 Sanctity
47:58 Forging
47:54 Scale Barding Armor
48:12 Mahayana
48:03 Heavy Plow
49:58 Masonry
49:48 Stone Mining
51:29 Two-Man Saw
51:04 Crop Rotation
52:07 Architecture
Cairo
4:37 Loom
11:13 Feudal Age
12:59 Wheelbarrow
12:41 Fishing Lines
14:14 Double-Bit Axe
19:09 Castle Age
17:42 Fletching
17:53 Padded Archer Armor
18:36 Stone Mining
18:38 Gold Mining
21:09 Medium Warships
20:20 Demolition Ship
23:27 Bow Saw
24:36 Town Watch
30:29 Imperial Age
29:24 Ballistics
28:46 Treadmill Crane
29:03 Murder Holes
29:21 Careening
29:23 Clinker Construction
32:33 Chemistry
31:36 Bodkin Arrow
31:56 Leather Archer Armor
32:28 Heated Shot
32:32 Arrowslits
33:48 Chemistry
33:56 Hand Cart
33:53 Guard Tower
34:25 Dry Dock
35:58 Heavy Warships
43:09 Town Patrol
43:10 Gillnets
45:27 Elite Cannon Galleon
46:40 Elite Genoese Crossbowman
48:58 Elite Skirmisher
49:46 Thumb Ring
49:02 Crossbowman
49:03 Pikeman
49:45 Squires
49:06 Man-at-Arms
51:35 Two-Man Saw
Connection lost

Rejoining the realm…

Still unreachable

The connection could not be restored.

Session expired

The server has moved on; the page needs a fresh start.